 Dungeon Crawl Stone Soup version 0.28-a0-595-g9f6c0e134a (webtiles) character file.

Game seed: 1967737663358839814

2626 lawman0 the Grasshopper (level 9, -4/50 HPs)
             Began as a Deep Elf Warper on Oct 4, 2021.
             Was a Follower of Kikubaaqudgha.
             Hit by a large rock thrown by a cyclops (25 damage)
             ... on level 8 of the Dungeon.
             The game lasted 00:20:32 (12708 turns).

lawman0 the Grasshopper (Deep Elf Warper)          Turns: 12708, Time: 00:20:34

Health: -4/50      AC:  6    Str: 10    XL:     9   Next: 34%
Magic:  18/20      EV: 13    Int: 26    God:    Kikubaaqudgha [*.....]
Gold:   1438       SH:  5    Dex: 14    Spells: 1/20 levels left

rFire   + . .      SeeInvis .   K - +7 quick blade (elec)
rCold   + . .      Faith    .   k - +0 buckler
rNeg    . . .      Spirit   .   f - +3 leather armour
rPois   .          Reflect  .   (no helmet)
rElec   .          Harm     .   G - scarf {rC+ rF+}
rCorr   .          Rampage  .   (no gloves)
Will    .....                   (no boots)
Stlth   ++........              q - amulet of magic regeneration
HPRegen 0.16/turn               D - +6 ring of intelligence
MPRegen 0.42/turn               (no ring)

@: no status effects
A: no striking features
a: Renounce Religion, Receive Corpses


You were on level 8 of the Dungeon.
You worshipped Kikubaaqudgha.
Kikubaaqudgha was aware of your devotion.
You visited 2 branches of the dungeon, and saw 9 of its levels.

You collected 1630 gold pieces.
You spent 192 gold pieces at shops.

Inventory:

Hand Weapons
 K - a +7 quick blade of electrocution (weapon)
Missiles
 d - 5 boomerangs of dispersal
 g - 2 throwing nets
 B - 25 poisoned darts (quivered)
Armour
 f - a +3 leather armour (worn)
 k - a +0 buckler (worn)
 G - a scarf of resistance (worn)
Jewellery
 q - an amulet of magic regeneration (around neck)
 D - a +6 ring of intelligence (left hand)
Wands
 o - a wand of digging (3)
 E - a wand of flame (47)
 H - a wand of iceblast (10)
Scrolls
 a - 2 scrolls of immolation
 b - 2 scrolls of vulnerability
 c - 2 scrolls of blinking
 n - 5 scrolls of teleportation {unknown}
 p - a scroll of silence {unknown}
 r - a scroll of enchant armour
 v - 2 scrolls of noise
 y - 2 scrolls of fog
 A - a scroll of fear
 F - a scroll of magic mapping
Potions
 e - a potion of curing
 h - a potion of cancellation
 i - 2 potions of heal wounds
 j - a potion of mutation
 l - a potion of might
 s - a potion of resistance {unknown}
 t - 3 potions of ambrosia {unknown}
 u - a potion of invisibility {unknown}
 w - a potion of berserk rage {unknown}
 z - 2 potions of haste
 I - a potion of attraction {unknown}


   Skills:
 + Level 3.0 Fighting
 + Level 5.4 Short Blades
 + Level 2.4 Throwing
 + Level 3.4 Armour
 + Level 4.8 Dodging
 + Level 2.5 Stealth
 * Level 3.4 Shields
 + Level 6.3 Spellcasting
 + Level 1.7 Conjurations
 * Level 4.2 Necromancy
 * Level 6.5 Translocations
 + Level 1.0 Evocations


You had one spell level left.
You knew the following spells:

 Your Spells              Type           Power      Damage    Failure   Level
a - Blink                 Tloc           N/A        N/A       1%          2
b - Teleport Other        Tloc           42%        N/A       1%          3
c - Gell's Gravitas       Tloc           21%        N/A       1%          3
d - Magic Dart            Conj           68%        1d6       4%          1
e - Corpse Rot            Necr/Air       N/A        N/A       6%          2
f - Vampiric Draining     Necr           15%        2d8       4%          3
g - Manifold Assault      Tloc           42%        N/A       19%         5

Your spell library contained the following spells:

 Spells                   Type           Power      Damage    Failure   Level
 Pain                     Necr           100%       1d9       1%          1
 Lesser Beckoning         Tloc           42%        N/A       1%          3
 Sublimation of Blood     Necr           15%        N/A       2%          2
 Call Imp                 Summ           8%         N/A       14%         2
 Mephitic Cloud           Conj/Pois/Air  11%        N/A       22%         3
 Inner Flame              Hex/Fire       8%         N/A       28%         3
 Ozocubu's Armour         Ice            8%         N/A       28%         3
 Cause Fear               Hex            4%         N/A       67%         4
 Dispersal                Tloc           21%        N/A       69%         6
 Ozocubu's Refrigeration  Ice            4%         4d5       100%        7
 Discord                  Hex            4%         N/A       100%        8


Dungeon Overview and Level Annotations

Branches:
Dungeon (8/15)             Temple (1/1) D:5
   Lair: D:8-11

Altars:
Ashenzari
Cheibriados
Dithmenos
Elyvilon
Fedhas
Gozag
Hepliaklqana
Kikubaaqudgha
Makhleb
Nemelex Xobeh
Qazlal
Ru
Sif Muna
Trog
Uskayaw
Vehumet
Wu Jian
Xom
Yredelemnul
Zin
The Shining One

Shops:
D:2 *   D:5 ?


Message History

Aim: a cyclops, quivering large rocks (wandering, hasn't noticed you, 86% to hit)
You throw a poisoned dart. The poisoned dart hits the cyclops.
The cyclops is poisoned.
The cyclops shouts!
Unknown command.
Throw: 27 darts (poison)
Press: ? - help, Q - select action, (/) - cycle Shift-Dir - straight line, f/p - cyclops
Aim: a cyclops, quivering large rocks (poisoned, 86% to hit)
You throw a poisoned dart. The poisoned dart hits the cyclops.
The cyclops looks even sicker.
Unknown command.
Throw: 26 darts (poison)
Press: ? - help, Q - select action, (/) - cycle Shift-Dir - straight line, f/p - cyclops
Aim: a cyclops, quivering large rocks (very poisoned, 86% to hit)
You throw a poisoned dart. The poisoned dart hits the cyclops.
Unknown command.
You hit the cyclops.
The cyclops is lightly wounded.
You hit the cyclops.
The cyclops is lightly wounded.
You puncture the cyclops!
The cyclops is moderately wounded.
The cyclops barely misses you.
You hit the cyclops but do no damage. Lightning courses through the cyclops!
The cyclops is heavily wounded.
You hit the cyclops.
The cyclops is heavily wounded.
You hit the cyclops.
The cyclops is severely wounded.
The cyclops hits you!!
Ouch! That really hurt!
You puncture the cyclops! Lightning courses through the cyclops!
The cyclops is almost dead.
Casting: Manifold Assault (quite dangerous; 19% risk of failure)
Confirm with . or Enter, or press ? or * to list all spells.
You blink.
Found a stone staircase leading down.
The cyclops throws a large rock.
The large rock hits you!!
Ouch! That really hurt!
You die...
Kikubaaqudgha rasps: "You have failed me!
Welcome... death!"

# #.########.#
#...<...# #
#..........#
#.#######
#########..####
#.....# #..##.#
##ยง.# #
....(.C..#
###.###.## #@#
........#
.#####..# #..#
#..# #..# #..#
.>.#


You could see a cyclops (poisoned).

Vanquished Creatures
  Sigmund (D:3)
  A yak (D:6)
  A vampire (D:6)
  A vampire mosquito (D:6)
  A water moccasin (D:5)
  Duvessa (D:7)
  An ice beast (D:7)
  A sky beast (D:7)
  5 ogres
  A kobold brigand (D:7)
  2 bullfrogs (D:6)
  Dowan (D:7)
  2 scorpions
  2 gnoll sergeants (D:7)
  A water moccasin zombie (D:5)
  A wyvern skeleton (D:6)
  A water moccasin skeleton (D:4)
  A howler monkey (D:7)
  2 hounds (D:5)
  2 bullfrog skeletons
  A jelly (D:7)
  4 iguanas
  An orc wizard (D:6)
  2 howler monkey skeletons
  6 gnolls (D:7)
  10 adders
  A white imp (D:6)
  10 orcs
  5 bats
  5 endoplasms
  2 giant cockroaches (D:4)
  12 goblins
  8 hobgoblins
  7 jackals
  A quokka (D:4)
  8 ball pythons (D:1)
  4 frilled lizards
  20 kobolds
  6 rats
142 creatures vanquished.

Vanquished Creatures (others)
  A plant (D:6)
1 creature vanquished.

Grand Total: 143 creatures vanquished

Notes
Turn   | Place    | Note
-------+----------+-------------------------------------------
     0 | D:1      | lawman0 the Deep Elf Warper began the quest for the Orb.
     0 | D:1      | Reached XP level 1. HP: 12/12 MP: 6/6
   392 | D:1      | Reached XP level 2. HP: 17/17 MP: 8/8
   452 | D:1      | Learned a level 2 spell: Blink
   541 | D:1      | Reached skill level 1 in Armour
  1672 | D:1      | Reached XP level 3. HP: 17/21 MP: 9/9
  2141 | D:2      | Found Roipax's Assorted Antiques.
  2168 | D:2      | Bought a sapphire potion for 18 gold pieces
  2250 | D:2      | Learned a level 3 spell: Teleport Other
  2254 | D:2      | Learned a level 3 spell: Gell's Gravitas
  3020 | D:2      | Bought 2 scrolls labelled OKABEALIMUA for 42 gold pieces
  3191 | D:3      | Reached skill level 1 in Stealth
  3341 | D:3      | Reached XP level 4. HP: 24/26 MP: 10/10
  3440 | D:3      | Found a sparkling altar of Nemelex Xobeh.
  3820 | D:3      | Learned a level 1 spell: Magic Dart
  4139 | D:3      | Noticed Sigmund
  4261 | D:3      | Killed Sigmund
  4262 | D:3      | Reached skill level 1 in Shields
  4262 | D:3      | Reached XP level 5. HP: 24/30 MP: 9/11
  4391 | D:4      | Reached XP level 6. HP: 35/35 MP: 7/12
  4931 | D:4      | Found a sacrificial altar of Ru.
  5042 | D:4      | Found a glowing silver altar of Zin.
  5969 | D:5      | Entered Level 5 of the Dungeon
  6125 | D:2      | Bought a runed copper wand for 84 gold pieces
  6125 | D:2      | Bought 2 coppery potions for 37 gold pieces
  6236 | D:5      | Found a staircase to the Ecumenical Temple.
  6257 | Temple   | Entered the Ecumenical Temple
  6366 | Temple   | Became a worshipper of Kikubaaqudgha
  6648 | D:5      | Found Rautougo's Magic Scroll Shop.
  6664 | D:5      | Bought a scroll of noise for 11 gold pieces
  6910 | D:5      | Noticed a water moccasin
  6916 | D:5      | Killed a water moccasin
  6917 | D:5      | Reached XP level 7. HP: 40/40 MP: 8/14
  6924 | D:5      | Reached skill level 1 in Conjurations
  6924 | D:5      | Reached skill level 5 in Translocations
  7092 | D:5      | Found a glowing golden altar of the Shining One.
  7589 | D:5      | Found a bloodstained altar of Trog.
  8258 | D:6      | Found a hide-covered altar of Uskayaw.
  8287 | D:6      | Found a blossoming altar of Fedhas.
  9051 | D:6      | Noticed a cyclops
  9085 | D:6      | Reached * piety under Kikubaaqudgha
  9085 | D:6      | Received a gift from Kikubaaqudgha
  9099 | D:6      | Reached XP level 8. HP: 18/45 MP: 6/16
  9711 | D:6      | Learned a level 2 spell: Corpse Rot
  9941 | D:6      | Reached skill level 1 in Necromancy
 10570 | D:6      | Learned a level 3 spell: Vampiric Draining
 11001 | D:7      | Identified 2 scrolls of acquirement
 11007 | D:7      | Acquired a +4 quick blade
 11011 | D:7      | Acquired 1162 gold pieces
 11227 | D:7      | Reached skill level 5 in Spellcasting
 11505 | D:7      | Noticed Duvessa
 11505 | D:7      | Noticed Dowan
 11516 | D:7      | Killed Duvessa
 11532 | D:7      | Killed Dowan
 11533 | D:7      | Reached XP level 9. HP: 33/49 MP: 19/19
 11718 | D:7      | Reached skill level 5 in Short Blades
 11876 | D:7      | Learned a level 5 spell: Manifold Assault
 12343 | D:6      | Reached skill level 1 in Evocations
 12635 | D:8      | Found a burning altar of Makhleb.
 12708 | D:8      | Hit by a large rock thrown by a cyclops

Illustrated notes

Levels and vault maps discovered:
D:1:      minmay_arrival_loop, layout_basic
D:2:      layout_basic, serial_shops, shop_fountains
D:3:      layout_basic, nemelex_dance_club_becter, uniq_sigmund
D:4:      layout_basic, mainiacjoe_overflow_alcove_2, amcnicky_altar_gilded,
          nrook_mini_vaults, serial_bayou_lake_a
D:5:      layout_layer_cave, mainiacjoe_overflow_24_doors, trog_hazing_becter,
          minmay_temple_entry_tees, serial_shops, shop
D:6:      minmay_chambers_of_sixes, layout_loops_ring,
          mainiacjoe_overflow_tiny_flanked, fedhas_ov_isle_minmay,
          minmay_chambers_of_fives
D:7:      layout_basic, uniq_duvessa
D:8:      layout_loops_ring, okawaru_ov_weapons_minmay, lemuel_crystal_altar,
          guppyfry_shop_venom
Temple:   cyrus_circular_temple

Skill      XL: |  1  2  3  4  5  6  7  8  9 |
---------------+----------------------------+-----
Armour         | 1 2 3 |  3.4
Stealth        | 1 2 |  2.5
Fighting       | 2 3 |  3.0
Short Blades   | 3 4 5 |  5.4
Dodging        | 3 4 |  4.8
Shields        | 1 2 3 |  3.4
Translocations | 4 5 6 |  6.5
Conjurations   | 1 |  1.7
Spellcasting   | 4 5 6 |  6.3
Necromancy     | 3 4 |  4.2
Throwing       | 2 |  2.4
Evocations     | 1 |  1.0

Action                   |  1- 3 |  4- 6 |  7- 9 || total
-------------------------+-------+-------+-------++-------
Melee: Short sword       |   232 |   258 |   178 ||   668
       Quick blade       |       |       |    91 ||    91
Throw: Dart              |       |       |    39 ||    39
 Cast: Magic Dart        |       |    28 |    45 ||    73
       Teleport Other    |       |     2 |     8 ||    10
       Blink             |       |     3 |     6 ||     9
       Gell's Gravitas   |       |       |    12 ||    12
       Corpse Rot        |       |       |     2 ||     2
       Manifold Assault  |       |       |     1 ||     1
Evoke: Wand              |       |     3 |    14 ||    17
  Use: Scroll            |     5 |     5 |    12 ||    22
       Potion            |       |     2 |       ||     2
 Stab: Sleeping          |       |     1 |       ||     1
Armor: Leather armour    |    74 |    74 |    67 ||   215
Dodge: Dodged            |   134 |   138 |   170 ||   442
Block: Buckler           |     6 |    48 |    49 ||   103

Table legend: (Time is in decaauts)
 A = Elapsed time spent in this place.
 B = Non-inter-level travel time spent in this place.
 C = Inter-level travel time spent in this place.
 D = Time resting spent in this place.
 E = Time spent auto-exploring this place.
 F = Levels seen in this place.
 G = Mean time per level.
                   A        B        C        D        E       F      G
               +--------+--------+--------+--------+--------+-----+--------+
         Total |  12709 |  12013 |    696 |   3578 |   6264 |   9 | 1412.1 |
       Dungeon |  12587 |  11891 |    696 |   3578 |   6170 |   8 | 1573.4 |
        Temple |    122 |    122 |      0 |      0 |     94 |   1 |  122.0 |
               +--------+--------+--------+--------+--------+-----+--------+

Top non-repeatable levels by time:
     D:6: 2791 daAuts
     D:5: 1978 daAuts
     D:1: 1903 daAuts
     D:4: 1758 daAuts
     D:7: 1426 daAuts
     D:3: 1407 daAuts
     D:2: 1148 daAuts
     D:8: 171 daAuts
  Temple: 122 daAuts
